 Dungeon Crawl Stone Soup version 0.21.1-1-g345015f (webtiles) character file.

14382 sking99 the Brawler (level 11, -20/117 HPs)
             Began as a Troll Monk on July 2, 2018.
             Demolished by a komodo dragon (23 damage)
             ... on level 3 of the Lair of Beasts.
             The game lasted 00:23:19 (11358 turns).

sking99 the Brawler (Troll Monk)                   Turns: 11358, Time: 00:23:20

Health: -20/117    AC:  9    Str: 21    XL:     11   Next: 88%
Magic:  10/10      EV: 10    Int:  6    God:
Gold:   519        SH:  7    Dex: 15    Spells: 10/10 levels left

rFire    . . .     SeeInvis .     - Unarmed
rCold    . . .     Gourm    +   B - +0 shield
rNeg     . . .     Faith    .   D - +1 robe {MR+}
rPois    .         Spirit   .   (helmet restricted)
rElec    .         Reflect  .   E - scarf {cloud immunity}
rCorr    .         Harm     .   (gloves unavailable)
MR       +....                  (boots unavailable)
Stlth    ++........             (no amulet)
HPRegen  0.69/turn              A - +3 ring of protection
MPRegen  0.12/turn              i - +2 ring of evasion

@: about to teleport
A: large, unfitting armour, claws 3, fast metabolism 3, gourmand, regeneration
1, shaggy fur 1, tough skin 2
a: no special abilities


You were on level 3 of the Lair of Beasts.
You were full.

You visited 3 branches of the dungeon, and saw 15 of its levels.
You also visited: Sewer.

You collected 519 gold pieces.

Inventory:

Missiles
 y - 258 stones (quivered)
Armour
 B - a +0 shield (worn)
 D - a +1 robe of magic resistance (worn)
 E - a scarf of cloud immunity (worn)
Jewellery
 i - a +2 ring of evasion (right claw)
 p - an uncursed ring of protection from cold
 u - the ring "Waibut" {Fire Str+5 SInv}
   (You found it on level 4 of the Dungeon)

   [ring of fire]

   It enhances your fire magic.
   It affects your strength (+5).
   It protects you from fire.
   It makes you vulnerable to cold.
   It lets you see invisible.
 A - a +3 ring of protection (left claw)
Wands
 h - a wand of iceblast (8)
 j - a wand of flame (33)
 o - a wand of digging (14)
 q - a wand of acid (16)
 x - a wand of random effects (54)
 C - a wand of enslavement (22)
Scrolls
 a - a scroll of enchant armour {unknown}
 c - 9 scrolls of identify
 f - 2 scrolls of fog
 m - 5 scrolls of remove curse
 n - 5 scrolls of teleportation
 t - 2 scrolls of fear
 v - 2 scrolls of blinking
Potions
 d - 2 potions of curing
 e - 3 potions of ambrosia {unknown}
 g - 3 potions of haste {unknown}
 k - 2 potions of brilliance {unknown}
 l - 3 potions of flight {unknown}
 r - a potion of lignification {unknown}
 s - 3 potions of degeneration {unknown}
 w - 8 potions of might {unknown}
 z - 4 potions of heal wounds {unknown}
 F - a potion of agility {unknown}
Comestibles
 b - 24 rations
 G - 13 chunks of flesh


   Skills:
 + Level 9.8 Fighting
 - Level 2.4 Dodging
 - Level 1.0 Stealth
 * Level 15.2 Unarmed Combat


You had 10 spell levels left.
You didn't know any spells.

Dungeon Overview and Level Annotations

Branches:
Dungeon (10/15)            Temple (1/1) D:5            Lair (4/6) D:9
    Orc (0/2) D:9
  Swamp: Lair:2-4    Shoals: Lair:2-4     Snake: Lair:2-4    Spider: Lair:2-4

Altars:
Ashenzari
Cheibriados
Dithmenos
Elyvilon
Fedhas
Gozag
Hepliaklqana
Kikubaaqudgha
Makhleb
Nemelex Xobeh
Okawaru
Qazlal
Ru
Sif Muna
Trog
Uskayaw
Vehumet
Wu Jian
Xom
Yredelemnul
Zin
The Shining One

Shops:
D:8 ?

Annotations:
D:7 2 transporters
D:10 Urug


Innate Abilities, Weirdness & Mutations

You are too large for most types of armour.
You have claws for hands.
Your metabolism is lightning-fast.
You like to eat raw meat.
Your natural rate of healing is unusually fast.
You are covered in fur. (AC +1)
You have very tough skin. (AC +2)


Message History

You block the killer bee's attack.
You feel better. You block the killer bee's attack.
The komodo dragon barely misses you. The yak gores you!
* * * LOW HITPOINT WARNING * * *
The killer bee stings you.
* * * LOW HITPOINT WARNING * * *
You mangle the yak!!
The yak is severely wounded.
The killer bee closely misses you. You block the komodo dragon's attack.
The yak closely misses you.
The killer bee stings you but does no damage.
You completely miss the killer bee.
The killer bee is lightly wounded.
The killer bee stings you.
* * * LOW HITPOINT WARNING * * *
You block the komodo dragon's attack. The yak closely misses you.
As you read the scroll of teleportation, it crumbles to dust.
You feel strangely unstable. The killer bee closely misses you. x2
The komodo dragon bites you!!
You die...

....###..#..##...## ..####.
#.##..##..#..##....# .#...t.
.#.#................###......
....................#.....#
##......<..≈≈.#P........#...
#....≈≈..≈≈≈≈...÷..........
#...≈≈≈≈≈≈≈≈≈.÷>†..........
#..≈≈≈≈≈≈≈≈≈lYy#..####.####
#...≈≈≈≈≈≈≈≈.@#..## #
#...≈≈≈≈≈≈≈...#..#
#....≈≈≈≈≈..####.#
##.##...)....# #.. ..
.######### .... ##. ###.. ...


You could see a komodo dragon, a yak and a killer bee.

Vanquished Creatures
  Gastronok (D:8)
  The ghost of twistedcrescendo the Warrior, a journeyman MiBe of Trog (D:10)
  Harold (D:10)
  Erica (D:8)
  2 two-headed ogres
  Pikel (D:4)
  A black mamba (Lair:2)
  A centaur zombie (D:10)
  3 spiny frogs
  Prince Ribbit (D:9)
  3 blink frogs (Lair:3)
  3 hippogriffs
  A spriggan (D:9)
  Eustachio (D:4)
  3 yaks (Lair:3)
  A wyvern (Lair:1)
  A basilisk (Lair:3)
  A hungry ghost (D:8)
  3 water moccasins
  A porcupine (Lair:2)
  Duvessa (D:4)
  4 black bears
  3 sky beasts
  Purgy (Sewer)
  An ice beast (D:8)
  2 phantoms
  3 ogres
  4 centaurs
  2 crocodiles (Lair:3)
  A big kobold (D:9)
  A wyvern zombie (D:9)
  4 bullfrogs
  A water moccasin zombie (D:7)
  Dowan (D:4)
  5 scorpions
  10 killer bees
  3 wights (D:7)
  A vampire bat (D:6)
  An electric eel (Lair:3)
  3 crimson imps
  A quasit (D:5)
  A bullfrog zombie (D:7)
  7 orc priests
  3 hounds
  3 jellies
  9 orc wizards
  2 iguanas
  Ijyb (D:3)
  4 worker ants
  A killer bee zombie (D:8)
  A hound skeleton (D:10)
  Robin (D:2)
  7 gnolls
  2 worker ant zombies
  18 adders
  2 shadow imps
  An ooze (D:1)
  2 adder skeletons
  2 adder zombies
  5 worms
  6 dart slugs
  10 leopard geckos
  23 orcs
  17 bats
  9 giant cockroaches
  19 goblins
  7 hobgoblins
  11 jackals
  6 quokkas
  2 ball pythons
  13 frilled lizards
  A giant cockroach zombie (D:5)
  16 kobolds
  7 rats
303 creatures vanquished.

Vanquished Creatures (others)
  5 dream sheep (D:4)
  2 fungi (Lair:1)
7 creatures vanquished.

Grand Total: 310 creatures vanquished

Notes
Turn   | Place    | Note
-------+----------+-------------------------------------------
     0 | D:1      | sking99 the Troll Monk began the quest for the Orb.
     0 | D:1      | Reached XP level 1. HP: 22/22 MP: 0/0
   198 | D:1      | Reached XP level 2. HP: 25/29 MP: 1/1
   778 | D:2      | Found a bloodstained altar of Trog.
   788 | D:2      | Reached XP level 3. HP: 30/36 MP: 2/2
   841 | D:2      | Reached skill level 4 in Unarmed Combat
   863 | D:2      | Found an ornate altar of the Wu Jian Council.
   887 | D:2      | Found a shattered altar of Ashenzari.
  1036 | D:2      | Found a shadowy altar of Dithmenos.
  1222 | D:2      | Reached XP level 4. HP: 44/45 MP: 3/3
  1588 | D:3      | Noticed Robin
  1752 | D:2      | Killed Robin
  1752 | D:2      | Reached skill level 5 in Unarmed Combat
  1752 | D:2      | Reached XP level 5. HP: 27/53 MP: 4/4
  2001 | D:3      | Found a radiant altar of Vehumet.
  2001 | D:3      | Found an iron altar of Okawaru.
  2018 | D:3      | Reached XP level 6. HP: 49/62 MP: 5/5
  2096 | D:3      | Noticed Ijyb
  2107 | D:3      | Killed Ijyb
  2107 | D:3      | Reached skill level 6 in Unarmed Combat
  2281 | D:3      | Found a blossoming altar of Fedhas.
  2429 | D:4      | Noticed Duvessa
  2429 | D:4      | Noticed Dowan
  2437 | D:4      | Killed Duvessa
  2442 | D:4      | Killed Dowan
  2447 | D:4      | Reached XP level 7. HP: 53/71 MP: 6/6
  2567 | D:4      | Reached skill level 7 in Unarmed Combat
  2583 | D:4      | Noticed Eustachio
  2619 | D:4      | Killed Eustachio
  3273 | D:4      | Got a scorched bronze ring
  3340 | D:4      | Reached skill level 8 in Unarmed Combat
  3525 | D:4      | Found a shimmering altar of Xom.
  3525 | D:4      | Noticed a dream sheep
  3525 | D:4      | Noticed a dream sheep
  3525 | D:4      | Noticed a dream sheep
  3525 | D:4      | Noticed a dream sheep
  3525 | D:4      | Noticed a dream sheep
  3525 | D:4      | Noticed Pikel
  3531 | D:4      | Killed a dream sheep
  3531 | D:4      | Killed a dream sheep
  3533 | D:4      | Killed a dream sheep
  3534 | D:4      | Killed a dream sheep
  3534 | D:4      | Killed a dream sheep
  3535 | D:4      | Killed Pikel
  3535 | D:4      | Reached skill level 5 in Fighting
  3535 | D:4      | Reached skill level 9 in Unarmed Combat
  3535 | D:4      | Reached XP level 8. HP: 36/81 MP: 7/7
  3893 | D:5      | Entered Level 5 of the Dungeon
  4424 | D:5      | Found an iron altar of Okawaru.
  4559 | D:5      | Found a hide-covered altar of Uskayaw.
  4704 | D:5      | Found a staircase to the Ecumenical Temple.
  4714 | Temple   | Entered the Ecumenical Temple
  4876 | D:6      | Identified the ring "Waibut" {Fire Str+5 SInv} (You found it on level 4 of the Dungeon)
  4889 | D:6      | Found a bloodstained altar of Trog.
  4959 | D:6      | Found a glowing drain.
  4985 | Sewer    | Entered a sewer
  5073 | Sewer    | Noticed Purgy
  5081 | Sewer    | Killed Purgy
  5235 | D:6      | Found a sacrificial altar of Ru.
  5240 | D:6      | Reached skill level 10 in Unarmed Combat
  5240 | D:6      | Reached XP level 9. HP: 89/89 MP: 8/8
  6213 | D:7      | Found a deep blue altar of Sif Muna.
  6213 | D:7      | Found a transporter.
  6225 | D:7      | Found a transporter.
  6322 | D:7      | Found a stormy altar of Qazlal.
  6567 | D:7      | Reached skill level 11 in Unarmed Combat
  7230 | D:8      | Noticed a two-headed ogre
  7245 | D:8      | Killed a two-headed ogre
  7245 | D:8      | Reached skill level 12 in Unarmed Combat
  7245 | D:8      | Reached XP level 10. HP: 82/102 MP: 9/9
  7361 | D:8      | Noticed Erica
  7371 | D:8      | Killed Erica
  7625 | D:8      | Noticed Gastronok
  7626 | D:8      | Found Fahoz's Magic Scroll Boutique.
  7654 | D:8      | Killed Gastronok
  7654 | D:8      | Reached skill level 13 in Unarmed Combat
  8349 | D:9      | Found an opulent altar of Gozag.
  8371 | D:9      | Found a staircase to the Lair.
  8557 | D:9      | Noticed a two-headed ogre
  8583 | D:9      | Killed a two-headed ogre
  8583 | D:9      | Reached XP level 11. HP: 81/113 MP: 10/10
  8929 | D:9      | Found a staircase to the Orcish Mines.
  9077 | D:9      | Noticed Prince Ribbit
  9090 | D:9      | Killed Prince Ribbit
  9273 | D:10     | Entered Level 10 of the Dungeon
  9291 | D:10     | Reached skill level 14 in Unarmed Combat
  9450 | D:10     | Noticed Harold
  9463 | D:10     | Noticed Urug
  9465 | D:10     | Killed Harold
  9697 | D:10     | Noticed twistedcrescendo's ghost (journeyman MiBe)
 10136 | D:10     | Killed twistedcrescendo's ghost
 10626 | Lair:1   | Entered Level 1 of the Lair of Beasts
 11034 | Lair:3   | Reached skill level 15 in Unarmed Combat
 11355 | Lair:3   | HP: 5/117 [killer bee (4)]
 11357 | Lair:3   | HP: 2/117 [killer bee (4)]
 11358 | Lair:3   | Demolished by a komodo dragon

Skill      XL: |  1  2  3  4  5  6  7  8  9 10 11 |
---------------+----------------------------------+-----
Unarmed Combat | 4 5 6 9 10 12 13 15 | 15.2
Fighting       | 3 4 5 6 7 8 9 |  9.8
Dodging        | |  2.4
Stealth        | |  1.0

Action                   |  1- 3 |  4- 6 |  7- 9 | 10-12 || total
-------------------------+-------+-------+-------+-------++-------
Melee: Unarmed           |   103 |   181 |   306 |   367 ||   957
       Punch             |     1 |     5 |    11 |    12 ||    29
  Use: Scroll            |       |       |    12 |     2 ||    14
       Potion            |       |       |       |     5 ||     5
 Stab: Sleeping          |     3 |     3 |     7 |       ||    13
  Eat: Chunk             |    17 |    11 |    42 |    40 ||   110
Armor: Robe              |    40 |    89 |   104 |   116 ||   349
Dodge: Dodged            |    60 |   170 |   177 |   179 ||   586
Block: Shield            |       |       |       |    78 ||    78
